 Dungeon Crawl Stone Soup version 0.20.1-1-g8b1a95d (console) character file.

12485 Kloppie the Fencer (level 11, -2/99 HPs)
             Began as a Minotaur Gladiator on July 9, 2017.
             Was the Champion of Okawaru.
             Slain by a seven-headed hydra (6 damage)
             ... on level 1 of the Lair of Beasts.
             The game lasted 00:17:25 (9397 turns).

Kloppie the Fencer (Minotaur Gladiator)             Turns: 9397, Time: 00:17:26

Health: -2/99      AC: 20    Str: 24    XL:     11   Next: 63%
Magic:  10/10      EV: 14    Int:  5    God:    Okawaru [******]
Gold:   608        SH:  0    Dex: 17    Spells: 10/10 levels left

rFire    . . .     SeeInvis .   b - +0 dire flail (crush)
rCold    + . .     Gourm    .   (shield currently unavailable)
rNeg     + . .     Faith    +   P - +0 plate armour
rPois    +         Spirit   .   c - +0 hat
rElec    .         Reflect  .   e - +2 cloak of the Robin {rN+ Str+2 Stlth-}
rCorr    .         Harm     .   (no gloves)
MR       .....                  K - +0 pair of boots
Stlth    ..........             u - amulet of faith
Regen    0.3/turn               q - ring of poison resistance
MPRegen  0.2/turn               L - ring of protection from cold

@: agile
A: retaliatory headbutt, horns 2
a: Heroism, Finesse, Renounce Religion


You were on level 1 of the Lair of Beasts.
You worshipped Okawaru.
Okawaru was exalted by your worship.
You were hungry.

You visited 3 branches of the dungeon, and saw 12 of its levels.
You also visited: Sewer and Ossuary.

You collected 608 gold pieces.

Inventory:

Hand Weapons
 a - a +3 scimitar of slicing
 b - a +0 dire flail of crushing (weapon)
 I - a +0 great sword
Missiles
 d - 5 throwing nets (quivered)
 H - 7 javelins of returning
Armour
 c - a +0 hat (worn)
 e - the +2 cloak of the Robin (worn) {rN+ Str+2 Stlth-}
   (Okawaru gifted it to you on level 1 of the Lair of Beasts)

   It affects your strength (+2).
   It protects you from negative energy.
   It makes you less stealthy.
 K - a +0 pair of boots (worn)
 P - a +0 plate armour (worn)
Jewellery
 l - an uncursed ring of positive energy
 n - an uncursed ring of ice
 q - a ring of poison resistance (left hand)
 u - an amulet of faith (around neck)
 L - a ring of protection from cold (right hand)
Wands
 x - a wand of digging (11/24)
 y - a wand of digging (10/24)
 B - a wand of paralysis (12/24)
 G - a wand of lightning (5/15)
 Q - a wand of polymorph (5/24)
Scrolls
 h - a scroll of fog
 j - a scroll of blinking
 k - 2 scrolls of fear
 o - a scroll of identify
 t - 7 scrolls of teleportation
 w - 2 scrolls of vulnerability {unknown}
 C - a scroll of recharging {unknown}
 N - a scroll of torment {unknown}
 O - 3 scrolls of remove curse
Potions
 i - 4 potions of curing
 m - a potion of ambrosia
 p - 2 potions of invisibility
 v - 2 potions of heal wounds
 z - 4 potions of flight
 A - 3 potions of berserk rage {unknown}
 D - 3 potions of haste {unknown}
 E - a potion of magic {unknown}
 F - 2 potions of might {unknown}
Comestibles
 f - 12 bread rations
 g - 4 royal jellies
 s - 9 meat rations
 J - 2 fruits


   Skills:
 + Level 9.8 Fighting
 + Level 15.5 Long Blades
 - Level 2.0 Throwing
 - Level 12.1 Armour
 - Level 3.2 Dodging


You had 10 spell levels left.
You didn't know any spells.

Dungeon Overview and Level Annotations

Branches:
Dungeon (10/15)            Temple (1/1) D:4            Lair (1/6) D:10
    Orc (0/2) D:10

Altars:
Ashenzari
Cheibriados
Dithmenos
Elyvilon
Fedhas
Gozag
Hepliaklqana
Kikubaaqudgha
Makhleb
Nemelex Xobeh
Okawaru
Qazlal
Ru
Sif Muna
Trog
Uskayaw
Vehumet
Xom
Yredelemnul
Zin
The Shining One

Shops:
D:8 :


Innate Abilities, Weirdness & Mutations

You reflexively headbutt those who attack you in melee.
You have a pair of horns on your head.


Message History

The seven-headed hydra bites you.
* * * LOW HITPOINT WARNING * * *
The seven-headed hydra bites you but does no damage.
The seven-headed hydra bites you.
* * * LOW HITPOINT WARNING * * *
The seven-headed hydra bites you but does no damage. x2
The seven-headed hydra bites you!
* * * LOW HITPOINT WARNING * * *
You sock the seven-headed hydra! You headbutt the seven-headed hydra!
The seven-headed hydra is heavily wounded.
The seven-headed hydra bites you but does no damage.
The seven-headed hydra closely misses you.
The seven-headed hydra bites you but does no damage. x3
The seven-headed hydra bites you.
* * * LOW HITPOINT WARNING * * *
The seven-headed hydra bites you but does no damage. x3
The seven-headed hydra bites you.
* * * LOW HITPOINT WARNING * * *
The seven-headed hydra bites you.
You die...

......♣♣................###....##
.....♣♣♣♣..............## #......
.....♣♣♣♣...........##.# #..P###
......♣♣.............#.# #..##
.......................# #..#
...........♣...........# #..####
..........♣♣♣♣........#.# ##.....
..........♣ ♣♣........#. ##....
..#........♣♣...@....... ##.##
..#P............D...##..# ### .
..............♣....##..
..............♣♣♣♣..# .# ......
.... ...... ...P# ...... ..##
..#.# .#


You could see a seven-headed hydra.

Vanquished Creatures
  The ghost of BakaWarrior999 the Cleaver, a journeyman MiBe of Trog (Lair:1)
  A centaur warrior (D:10)
  A two-headed ogre (D:10)
  An unseen horror (D:10)
  A manticore (D:9)
  A black mamba (Lair:1)
  A spiny frog (Lair:1)
  A rime drake (Lair:1)
  A komodo dragon (Lair:1)
  2 trolls (D:10)
  3 hippogriffs
  A wyvern (D:8)
  3 basilisks
  13 yaks
  4 water moccasins
  A sky beast (D:9)
  2 orc warriors
  An ice beast (D:10)
  A black bear (D:10)
  A necrophage (D:10)
  4 ogres
  An eye of draining (D:10)
  2 phantoms (D:10)
  4 centaurs
  3 crocodiles
  Blork the orc (D:4)
  2 big kobolds (D:7)
  2 elf zombies (Ossuary)
  6 bullfrogs
  4 scorpions
  A wyvern skeleton (D:9)
  A water moccasin skeleton (D:8)
  5 killer bees (D:9)
  2 howler monkeys (D:9)
  4 crimson imps
  A bullfrog zombie (D:7)
  5 hounds
  3 centaur zombies
  A jelly (D:3)
  4 bullfrog skeletons
  5 orc priests
  A centaur skeleton (D:10)
  Jessica (D:2)
  5 iguanas
  Ijyb (D:4)
  Terence (D:2)
  8 worker ants
  7 orc wizards
  A killer bee zombie (D:10)
  A big kobold zombie (Ossuary)
  3 mummies
  A worker ant zombie (D:8)
  3 gnolls (D:5)
  17 adders
  A river rat (D:5)
  2 shadow imps
  3 adder zombies (Ossuary)
  4 adder skeletons
  3 leopard geckos
  44 orcs
  8 ball pythons
  5 bats
  6 giant cockroaches
  5 goblins
  3 hobgoblins
  9 jackals
  22 kobolds
  3 quokkas
  5 frilled lizards
  2 goblin zombies (Ossuary)
  11 hobgoblin zombies (Ossuary)
  8 kobold zombies (Ossuary)
  A leopard gecko zombie (D:5)
  7 orc zombies (Ossuary)
  3 rats
  A rat zombie (Ossuary)
308 creatures vanquished.

Notes
Turn   | Place    | Note
-------+----------+-------------------------------------------
     0 | D:1      | Kloppie the Minotaur Gladiator began the quest for the Orb.
     0 | D:1      | Reached XP level 1. HP: 18/18 MP: 0/0
    95 | D:1      | Reached skill level 4 in Long Blades
   355 | D:1      | Reached XP level 2. HP: 25/25 MP: 1/1
   915 | D:2      | Reached skill level 1 in Armour
   944 | D:2      | Reached XP level 3. HP: 26/30 MP: 2/2
   990 | D:2      | Noticed Jessica
   996 | D:2      | Killed Jessica
   996 | D:2      | Reached skill level 5 in Long Blades
  1015 | D:2      | Reached XP level 4. HP: 37/37 MP: 3/3
  1078 | D:2      | Noticed Terence
  1085 | D:2      | Killed Terence
  1201 | D:3      | Reached XP level 5. HP: 37/42 MP: 4/4
  1254 | D:3      | Reached skill level 6 in Long Blades
  1873 | D:4      | Noticed Blork the orc
  1879 | D:4      | Killed Blork the orc
  1879 | D:4      | Reached XP level 6. HP: 52/52 MP: 5/5
  2016 | D:4      | Found a staircase to the Ecumenical Temple.
  2025 | Temple   | Entered the Ecumenical Temple
  2105 | Temple   | Became a worshipper of Warmaster Okawaru
  2363 | D:4      | Reached skill level 5 in Armour
  2444 | D:4      | Found a basalt altar of Yredelemnul.
  2449 | D:4      | Found an opulent altar of Gozag.
  2529 | D:4      | Noticed Ijyb
  2545 | D:4      | Killed Ijyb
  2545 | D:4      | Reached skill level 5 in Fighting
  2545 | D:4      | Reached XP level 7. HP: 44/61 MP: 6/6
  2685 | D:5      | Entered Level 5 of the Dungeon
  2696 | D:5      | Reached * piety under Okawaru
  2945 | D:5      | Found a glowing drain.
  2960 | Sewer    | Entered a sewer
  3643 | D:5      | Reached ** piety under Okawaru
  4036 | D:6      | Found a blossoming altar of Fedhas.
  4043 | D:6      | Reached XP level 8. HP: 66/70 MP: 7/7
  4231 | D:6      | Reached skill level 7 in Long Blades
  4436 | D:7      | Noticed a hippogriff
  4444 | D:7      | Killed a hippogriff
  4444 | D:7      | Reached skill level 8 in Long Blades
  4829 | D:7      | Reached *** piety under Okawaru
  4829 | D:7      | Reached skill level 9 in Long Blades
  5050 | D:7      | Reached skill level 10 in Long Blades
  5089 | D:7      | Received a gift from Okawaru
  5205 | D:7      | Reached XP level 9. HP: 42/75 MP: 8/8
  5600 | D:8      | Found Nudajetits's Book Shop.
  5614 | D:8      | Reached skill level 11 in Long Blades
  5661 | D:8      | Noticed a centaur warrior
  5727 | D:8      | Found a sand-covered staircase.
  5736 | Ossuary  | Entered an ossuary
  5908 | Ossuary  | Reached **** piety under Okawaru
  6504 | D:9      | Reached skill level 12 in Long Blades
  6710 | D:9      | Noticed a manticore
  6728 | D:9      | Killed a manticore
  6728 | D:9      | Reached XP level 10. HP: 77/88 MP: 9/9
  6735 | D:9      | Reached ***** piety under Okawaru
  7138 | D:9      | Received a gift from Okawaru
  7427 | D:10     | Entered Level 10 of the Dungeon
  7458 | D:10     | Reached skill level 13 in Long Blades
  7726 | D:10     | Found a staircase to the Lair.
  7871 | D:10     | Found a staircase to the Orcish Mines.
  7978 | D:10     | Noticed a two-headed ogre
  7986 | D:10     | Killed a two-headed ogre
  7986 | D:10     | Reached skill level 10 in Armour
  8336 | D:10     | Noticed a centaur warrior
  8346 | D:10     | Killed a centaur warrior
  8346 | D:10     | Reached skill level 14 in Long Blades
  8535 | D:10     | Received a gift from Okawaru
  8536 | D:10     | Got a crude cloak {god gift}
  8542 | D:10     | Identified the -2 cloak of Moekedato {rN+ Int-4 Dex+4 SInv} (Okawaru gifted it to you on level 10 of the Dungeon)
  8567 | D:10     | Reached XP level 11. HP: 87/97 MP: 2/10
  8836 | D:10     | Killed an unseen horror
  8961 | Lair:1   | Entered Level 1 of the Lair of Beasts
  9097 | Lair:1   | Reached skill level 15 in Long Blades
  9253 | Lair:1   | Reached ****** piety under Okawaru
  9332 | Lair:1   | Noticed BakaWarrior999's ghost (journeyman MiBe)
  9354 | Lair:1   | Killed BakaWarrior999's ghost
  9354 | Lair:1   | Received a gift from Okawaru
  9355 | Lair:1   | Got a smoking cloak {god gift}
  9361 | Lair:1   | Identified the +2 cloak of the Robin {rN+ Str+2 Stlth-} (Okawaru gifted it to you on level 1 of the Lair of Beasts)
  9387 | Lair:1   | Noticed a seven-headed hydra
  9397 | Lair:1   | HP: 4/99 [seven-headed hydra (1)]
  9397 | Lair:1   | Slain by a seven-headed hydra

Skill      XL: |  1  2  3  4  5  6  7  8  9 10 11 |
---------------+----------------------------------+-----
Long Blades    | 4 5 6 10 12 14 15 | 15.5
Armour         | 1 2 3 4 5 7 9 10 12 | 12.1
Fighting       | 3 5 6 7 9 |  9.8
Throwing       | |  2.0
Dodging        | |  3.2

Action                   |  1- 3 |  4- 6 |  7- 9 | 10-12 || total
-------------------------+-------+-------+-------+-------++-------
Melee: Long sword        |    31 |   149 |   485 |    36 ||   701
       Headbutt          |     8 |    31 |   112 |    56 ||   207
       Scimitar          |       |       |       |   214 ||   214
       Punch             |       |       |       |     1 ||     1
       Dire flail        |       |       |       |     3 ||     3
Invok: Heroism           |       |       |       |     2 ||     2
Evoke: Wand              |       |       |       |     2 ||     2
  Use: Scroll            |       |     8 |    10 |     3 ||    21
       Potion            |       |       |     1 |     4 ||     5
  Eat: Chunk             |       |     5 |    15 |     8 ||    28
Armor: Leather armour    |     3 |       |       |       ||     3
       Chain mail        |    12 |   113 |   251 |    30 ||   406
       Skin              |       |       |    58 |    46 ||   104
       Plate armour      |       |       |       |   141 ||   141
Dodge: Dodged            |    16 |    76 |   200 |    91 ||   383
       Rpst.: Long sword |     6 |    21 |    62 |     8 ||    97
       Scimitar          |       |       |       |    13 ||    13
